 Dungeon Crawl Stone Soup version 0.30-a0-172-gc5509c9e31 (webtiles) character file.

Game seed: 10392998086182817127

1 LnG the Caller (level 1, -2/10 HPs)
             Began as a Kobold Summoner on Oct 1, 2022.
             Slain by a hobgoblin (4 damage)
             ... on level 1 of the Dungeon.
             The game lasted 00:00:21 (98 turns).

LnG the Caller (Kobold Summoner)                      Turns: 98, Time: 00:00:23

Health: -2/10      AC:  2    Str:  5    XL:     1   Next: 22%
Magic:  0/3        EV: 15    Int: 16    God:
Gold:   0          SH:  0    Dex: 15    Spells: 3/4 levels left

rFire   . . .      SeeInvis .    (weapon restricted)
rCold   . . .      Faith    .    (no shield)
rNeg    . . .      Spirit   .    a - +0 robe
rPois   .          Reflect  .    (no helmet)
rElec   .          Harm     .    (no cloak)
rCorr   .          Rampage  .    (no gloves)
Will    .....                    (no boots)
Stlth   +++.......               (no amulet)
HPRegen 0.21/turn                (no ring)
MPRegen 0.08/turn                (no ring)

@: very slightly contaminated
A: small, no large weapons, nightstalker 3
a: no special abilities


You were on level 1 of the Dungeon.
You visited 1 branch of the dungeon, and saw 1 of its levels.

Inventory:

Armour
 a - a +0 robe (worn)
Potions
 b - a potion of magic


   Skills:
 + Level 2.4 Dodging
 + Level 2.7 Stealth
 + Level 2.2 Spellcasting
 + Level 4.0 Summonings


You had 3 spell levels left.
You knew the following spells:

 Your Spells              Type           Power      Damage    Failure   Level
a - Summon Small Mammal   Summ           56%        N/A       3%          1

Your spell library contained the following spells:

 Spells                   Type           Power      Damage    Failure   Level
 Call Imp                 Summ           14%        N/A       6%          2
 Call Canine Familiar     Summ           14%        N/A       12%         3
 Summon Guardian Golem    Hex/Summ       8%         N/A       26%         3
 Summon Lightning Spire   Summ/Air       8%         N/A       65%         4


Dungeon Overview and Level Annotations

Branches:
Dungeon (1/15)

Altars:


Innate Abilities, Weirdness & Mutations

You are small and have problems with some larger weapons.
You are completely attuned to the shadows.


Message History

You start resting.
HP restored.
Your rat disappears in a puff of smoke!
You see here a hobgoblin corpse.
A goblin and a hobgoblin come into view.
The hobgoblin shouts!
Casting: Summon Small Mammal (safe; 3% risk of failure)
Confirm with . or Enter, or press ? or * to list all spells.
You miscast Summon Small Mammal.
You are very lightly contaminated with residual magic.
Nothing appears to happen.
The goblin shouts!
Casting: Summon Small Mammal (safe; 3% risk of failure)
Confirm with . or Enter, or press ? or * to list all spells.
Casting: Summon Small Mammal (safe; 3% risk of failure)
Confirm with . or Enter, or press ? or * to list all spells.
Your bat hits the hobgoblin but does no damage.
The hobgoblin misses you. The goblin hits you but does no damage.
You hit the goblin.
The goblin is heavily wounded.
Your bat hits the hobgoblin but does no damage.
The hobgoblin hits you.
Ouch! That really hurt!
The goblin misses you.
You barely miss the goblin.
The goblin is heavily wounded.
Your bat closely misses the hobgoblin.
Your quokka barely misses the goblin.
The hobgoblin barely misses you. The goblin misses you.
You closely miss the goblin.
The goblin is heavily wounded.
Your quokka closely misses the goblin.
The hobgoblin misses you. The goblin hits you with a +0 club.
* * * LOW HITPOINT WARNING * * *
You hit the goblin but do no damage.
The goblin is heavily wounded.
Your bat hits the hobgoblin but does no damage.
Your quokka bites the goblin.
The goblin dies!
The hobgoblin hits you.
You die...

#.# #.#
#.####.#
#..†.#.#
####.#.#
##.##.#
#.##..#
##.##.##
..###..##.#
#..#..##@)#
#..#..#.rg...
#...##......
#.<.#...b...
#...##......
#..#..#
#..#..# ..#
#..


You could see a hobgoblin (ally target), a friendly quokka (summoned) and a
friendly bat (summoned).

Vanquished Creatures
  A hobgoblin (D:1)
1 creature vanquished.

Vanquished Creatures (collateral kills)
  A goblin (D:1)
1 creature vanquished.

Grand Total: 2 creatures vanquished

Notes
Turn   | Place    | Note
-------+----------+-------------------------------------------
     0 | D:1      | LnG the Kobold Summoner began the quest for the Orb.
     0 | D:1      | Reached XP level 1. HP: 10/10 MP: 3/3
    98 | D:1      | Slain by a hobgoblin

Illustrated notes

Levels and vault maps discovered:
D:1:      dpeg_arrival_simpleton_a, layout_rooms,
          ebering_ecumenical_altar_abandoned

Action                   || total
-------------------------++-------
Melee: Unarmed           ||    15
       Punch             ||     1
 Cast: Summon Small Mamm ||     4
 Stab: Distracted        ||     1
Armor: Robe              ||     3
Dodge: Dodged            ||    14

Table legend: (Time is in decaauts)
 A = Elapsed time spent in this place.
 B = Non-inter-level travel time spent in this place.
 C = Inter-level travel time spent in this place.
 D = Time resting spent in this place.
 E = Time spent auto-exploring this place.
 F = Levels seen in this place.
 G = Mean time per level.
                   A        B        C        D        E       F      G
               +--------+--------+--------+--------+--------+-----+--------+
         Total |     98 |     98 |      0 |     17 |     56 |   1 |   98.0 |
       Dungeon |     98 |     98 |      0 |     17 |     56 |   1 |   98.0 |
               +--------+--------+--------+--------+--------+-----+--------+

Top non-repeatable levels by time:
     D:1: 98 daAuts
